 Dungeon Crawl Stone Soup version 0.23-a0-126-g19e28b4 (webtiles) character file.

89 tatocazan the Cudgeler (level 4, -1/41 HPs)
             Began as a Minotaur Fighter on Aug 26, 2018.
             Slain by Grinder (5 damage)
             ... on level 3 of the Dungeon.
             The game lasted 00:02:51 (2361 turns).

tatocazan the Cudgeler (Minotaur Fighter)           Turns: 2361, Time: 00:02:51

Health: -1/41      AC:  6    Str: 21    XL:     4   Next: 31%
Magic:  3/3        EV:  7    Int:  5    God:
Gold:   138        SH:  9    Dex: 10    Spells: 3/3 levels left

rFire    . . .     SeeInvis .   a - +0 flail
rCold    . . .     Gourm    .   c - +0 shield
rNeg     . . .     Faith    .   b - +0 scale mail
rPois    .         Spirit   .   (helmet restricted)
rElec    .         Reflect  .   (no cloak)
rCorr    .         Harm     .   (no gloves)
MR       .....                  (no boots)
Stlth    ..........             (no amulet)
HPRegen  0.13/turn              (no ring)
MPRegen  0.08/turn              (no ring)

@: no status effects
A: retaliatory headbutt, horns 2
a: no special abilities


You were on level 3 of the Dungeon.
You were hungry.

You visited 1 branch of the dungeon, and saw 3 of its levels.

You collected 138 gold pieces.

Inventory:

Hand Weapons
 a - a +0 flail (weapon)
Armour
 b - a +0 scale mail (worn)
 c - a +0 shield (worn)
Jewellery
 e - a +2 ring of intelligence {unknown}
 j - an uncursed amulet of faith {unknown}
 k - a +3 ring of protection {unknown}
 o - a cursed ring of attention {unknown}
 t - an uncursed ring of flight {unknown}
Wands
 r - a wand of enslavement (10)
 u - a wand of flame (16)
Scrolls
 g - a scroll of enchant armour {unknown}
 l - 4 scrolls of remove curse {unknown}
 m - 3 scrolls of identify {unknown}
 q - a scroll of enchant weapon {unknown}
 s - a scroll of blinking {unknown}
 v - a scroll of amnesia {unknown}
Potions
 d - a potion of might
 h - a potion of brilliance {unknown}
 i - a potion of flight {unknown}
 n - a potion of curing {unknown}
 p - a potion of heal wounds {unknown}
Comestibles
 f - 3 rations


   Skills:
 + Level 4.6 Fighting
 * Level 4.8 Maces & Flails
 - Level 3.6 Armour
 - Level 3.6 Shields


You had 3 spell levels left.
You didn't know any spells.
Your spell library was empty.

Dungeon Overview and Level Annotations

Branches:
Dungeon (3/15)

Altars:
Kikubaaqudgha

Annotations:
D:3 Grinder


Innate Abilities, Weirdness & Mutations

You reflexively headbutt those who attack you in melee.
You have a pair of horns on your head.


Message History

Something hits you.
You writhe in agony.
No target in view!
Something hits you.
You writhe in agony.
You closely miss something. Your headbutt misses something.
You closely miss something. Something hits you but does no damage.
Something hits you.
You writhe in agony.
* * * LOW HITPOINT WARNING * * *
You barely miss something. Pain shoots through your body!
* * * LOW HITPOINT WARNING * * *
You hit something. Something hits you.
* * * LOW HITPOINT WARNING * * *
You writhe in agony.
* * * LOW HITPOINT WARNING * * *
You closely miss something. Your headbutt misses something.
Something hits you but does no damage.
You closely miss something. Your headbutt misses something.
Something completely misses you.
You miss something. Your headbutt misses something.
Something hits you but does no damage. Something hits you.
You die...

#.########.# #
#..........#######
########........[.
#
#######...#######
#.
#...........)..<.
# #.
#$).......####...
###.#.##..########
#.## ..[.......#
#.## ##....@{##
#.## #..##.## #.##
#. #.# #.## # #.#
#.# #.# #.# #..
... ... ###


There were no monsters in sight!

Vanquished Creatures
  Ijyb (D:3)
  2 gnolls (D:1)
  An adder (D:2)
  An ooze (D:1)
  A dart slug (D:1)
  2 leopard geckos (D:1)
  A giant cockroach (D:1)
  7 goblins
  3 hobgoblins
  3 bats
  2 frilled lizards (D:2)
  A jackal skeleton (D:2)
  4 kobolds
  4 rats (D:1)
33 creatures vanquished.

Notes
Turn   | Place    | Note
-------+----------+-------------------------------------------
     0 | D:1      | tatocazan the Minotaur Fighter began the quest for the Orb.
     0 | D:1      | Reached XP level 1. HP: 19/19 MP: 0/0
   213 | D:1      | Reached XP level 2. HP: 24/27 MP: 1/1
   712 | D:1      | Reached XP level 3. HP: 24/33 MP: 2/2
  1608 | D:2      | Found a faded altar of an unknown god.
  2037 | D:3      | Found an ancient bone altar of Kikubaaqudgha.
  2045 | D:3      | Noticed Ijyb
  2058 | D:3      | Killed Ijyb
  2058 | D:3      | Reached XP level 4. HP: 6/41 MP: 3/3
  2348 | D:3      | Noticed Grinder
  2361 | D:3      | Slain by Grinder

Vault maps used:
D:1:      minmay_arrival_three_doors, serial_bayou_ford_a
D:2:      chequers_ecumenical_altar_simple, hangedman_decor_growths
D:3:      nicolae_overflow_hidden_temple, biasface_ghost_orc_armoury,
          bloody_trog, uniq_ijyb, uniq_grinder, uniq_jessica

Skill      XL: |  1  2  3 |
---------------+----------+-----
Maces & Flails | 3 4 |  4.8
Fighting       | 4 |  4.6
Armour         | |  3.6
Shields        | |  3.6

Action                   |  1- 3 |  4- 6 || total
-------------------------+-------+-------++-------
Melee: Flail             |   103 |     9 ||   112
       Headbutt          |    12 |       ||    12
  Eat: Chunk             |     4 |       ||     4
Armor: Scale mail        |    43 |     3 ||    46
Dodge: Dodged            |    22 |     2 ||    24
Block: Shield            |    49 |     1 ||    50

Table legend:
 A = Non-vault XP
 B = Vault XP
 C = Vault XP percentage of total XP
 D = Non-vault monster count
 E = Vault monster count
 F = Vault count percentage of total count
                 A         B        C        D         E       F
            +---------+---------+-------+---------+---------+-------
      Total |      92 |      36 |  28.1 |      32 |       1 |   3.0
            +---------+---------+-------+---------+---------+-------
        D:1 |      64 |       0 |   0.0 |      20 |       0 |   0.0
        D:2 |      25 |       0 |   0.0 |      10 |       0 |   0.0
        D:3 |       3 |      36 |  92.3 |       2 |       1 |  33.3
            +---------+---------+-------+---------+---------+-------
